PR
SAN DIEGO CLIPPERS @ VALLEY VIEW COUGARS
06/17/2034
 
TOP OF THE 1ST
San Diego Clippers batting - Pitching for Valley View Cougars : RHP Malcolm Bullard
Pitching: RHP Malcolm Bullard
Batting: RHB Sze Qi 0-0: Called Strike
0-1: SINGLE (Groundball, 6MD)
Batting: LHB Larry Moore 0-0: Called Strike
0-1: Called Strike
0-2: Ball
1-2: Strikes out looking
Batting: LHB Tony Worley 0-0: Called Strike
0-1: Ball
Sze Qi steals 2nd base
1-1: Swinging Strike
1-2: Ball
2-2: Fly out, F8 (Flyball, 8LM)
Batting: RHB Cleveland Mortimer 0-0: Swinging Strike
0-1: Swinging Strike
0-2: Ball
1-2: Foul Ball, location: 2F
1-2: Ground out 4-3 (Groundball, 4D)
Top of the 1st over - 0 runs, 1 hit, 0 errors, 1 left on base; San Diego 0 - Valley View 0
BOTTOM OF THE 1ST
Valley View Cougars batting - Pitching for San Diego Clippers : RHP Jerry Cherry
Pitching: RHP Jerry Cherry
Batting: RHB Gene Payne 0-0: Ball
1-0: Ball
2-0: Ball
3-0: Base on Balls
Batting: LHB Bill Stanton 0-0: SINGLE (Line Drive, 89S)
Gene Payne to second
Batting: LHB Ricardo Yates 0-0: Foul Ball, location: 2F
0-1: SINGLE (Flyball, 8LS)
Gene Payne to third
Bill Stanton to second
Batting: RHB Luis Rodríguez 0-0: Ball
1-0: Fly out, F7 (Line Drive, 78D)
Runner from 3rd tags up, SCORES, no throw
Batting: LHB Guan-pei Bei 0-0: Swinging Strike
0-1: Ball
1-1: Fly out, F7 (Flyball, 7S)
Batting: SHB Andy Woods 0-0: Ball
1-0: Ball
2-0: Foul Ball, location: 2F
2-1: Ground out U3 (Groundball, 3L)
Bottom of the 1st over - 1 run, 2 hits, 0 errors, 2 left on base; San Diego 0 - Valley View 1
TOP OF THE 2ND
San Diego Clippers batting - Pitching for Valley View Cougars : RHP Malcolm Bullard
Batting: LHB Chet Clifton 0-0: Foul Ball, location: 2F
0-1: Foul Ball, location: 2F
0-2: Ball
1-2: Ball
2-2: Strikes out swinging
Batting: RHB Zhen-bang Kwan 0-0: Called Strike
0-1: Swinging Strike
0-2: Ball
1-2: Strikes out swinging
Batting: LHB Pedro Serano 0-0: Called Strike
0-1: Swinging Strike
0-2: Ball
1-2: Foul Ball, location: 2F
1-2: Foul Ball, location: 2F
1-2: Strikes out swinging
Top of the 2nd over - 0 runs, 0 hits, 0 errors, 0 left on base; San Diego 0 - Valley View 1
BOTTOM OF THE 2ND
Valley View Cougars batting - Pitching for San Diego Clippers : RHP Jerry Cherry
Batting: RHB Domingo Cabrera 0-0: Ball
1-0: Ball
2-0: Ground out 3-1 (Groundball, 2R)
Batting: RHB Pakarati Girawheen 0-0: Foul Ball, location: 2F
0-1: Called Strike
0-2: Foul Ball, location: 2F
0-2: Fly out, F7 (Flyball, 7S)
Batting: SHB Marc Cadiou 0-0: Ball
1-0: Foul Ball, location: 2F
1-1: Swinging Strike
1-2: SINGLE (Groundball, 34D)
Batting: RHB Gene Payne 0-0: Ball
1-0: Ball
2-0: Foul Ball, location: 2F
2-1: Foul Ball, location: 2F
2-2: Ground out 4-3 (Groundball, 4D)
Bottom of the 2nd over - 0 runs, 1 hit, 0 errors, 1 left on base; San Diego 0 - Valley View 1
TOP OF THE 3RD
San Diego Clippers batting - Pitching for Valley View Cougars : RHP Malcolm Bullard
Batting: RHB Man-su Chong 0-0: Ball
1-0: Called Strike
1-1: Called Strike
1-2: Ball
2-2: Strikes out swinging
Batting: LHB Bill O'Halloran 0-0: Ball
1-0: Called Strike
1-1: Called Strike
1-2: Strikes out swinging
Batting: RHB Sze Qi 0-0: Called Strike
0-1: Ball
1-1: Ground out 6-3 (Groundball, 6M)
Top of the 3rd over - 0 runs, 0 hits, 0 errors, 0 left on base; San Diego 0 - Valley View 1
BOTTOM OF THE 3RD
Valley View Cougars batting - Pitching for San Diego Clippers : RHP Jerry Cherry
Batting: LHB Bill Stanton 0-0: Ball
1-0: Ball
2-0: Ground out 4-3 (Groundball, 34)
Batting: LHB Ricardo Yates 0-0: Ground out 1-3 (Groundball, 13)
Batting: RHB Luis Rodríguez 0-0: Foul Ball, location: 2F
0-1: Ball
1-1: Foul Ball, location: 2F
1-2: Foul Ball, location: 2F
1-2: Ball
2-2: Strikes out swinging
Bottom of the 3rd over - 0 runs, 0 hits, 0 errors, 0 left on base; San Diego 0 - Valley View 1
TOP OF THE 4TH
San Diego Clippers batting - Pitching for Valley View Cougars : RHP Malcolm Bullard
Batting: LHB Larry Moore 0-0: Ball
1-0: Swinging Strike
1-1: Ball
2-1: Ball
3-1: Ground out 4-3 (Groundball, 4S)
Batting: LHB Tony Worley 0-0: Called Strike
0-1: Ball
1-1: Ground out U3 (Groundball, 3)
Batting: RHB Cleveland Mortimer 0-0: Ground out 5-3 (Groundball, 56S)
Top of the 4th over - 0 runs, 0 hits, 0 errors, 0 left on base; San Diego 0 - Valley View 1
BOTTOM OF THE 4TH
Valley View Cougars batting - Pitching for San Diego Clippers : RHP Jerry Cherry
Batting: LHB Guan-pei Bei 0-0: Ball
1-0: Ball
2-0: Ball
3-0: Base on Balls
Batting: SHB Andy Woods 0-0: Ball
1-0: Ball
2-0: SINGLE (Line Drive, 4)
Guan-pei Bei to second
Batting: RHB Domingo Cabrera 0-0: Ball
1-0: Fly out, F8 (Flyball, 8RD)
Runner from 2nd tags up, SAFE at 3rd with throw
Batting: RHB Pakarati Girawheen 0-0: Grounds into double play, 4-6-3 (Groundball, 34)
Bottom of the 4th over - 0 runs, 1 hit, 0 errors, 1 left on base; San Diego 0 - Valley View 1
TOP OF THE 5TH
San Diego Clippers batting - Pitching for Valley View Cougars : RHP Malcolm Bullard
Batting: LHB Chet Clifton 0-0: Ball
1-0: Foul Ball, location: 2F
1-1: Foul Ball, location: 2F
1-2: Fly out, F9 (Flyball, 9S)
Batting: RHB Zhen-bang Kwan 0-0: Swinging Strike
0-1: Swinging Strike
0-2: Strikes out swinging
Batting: LHB Pedro Serano 0-0: Called Strike
0-1: Ball
1-1: Called Strike
1-2: Strikes out swinging
Top of the 5th over - 0 runs, 0 hits, 0 errors, 0 left on base; San Diego 0 - Valley View 1
BOTTOM OF THE 5TH
Valley View Cougars batting - Pitching for San Diego Clippers : RHP Jerry Cherry
Batting: SHB Marc Cadiou 0-0: Ball
1-0: Called Strike
1-1: Swinging Strike
1-2: Strikes out swinging
Batting: RHB Gene Payne 0-0: Ball
1-0: Foul Ball, location: 2F
1-1: Ball
2-1: Foul Ball, location: 2F
2-2: Reached on error, E5 (Groundball, 56)
Batting: LHB Bill Stanton 0-0: Called Strike
0-1: Ball
1-1: Ball
2-1: Fly out, F9 (Line Drive, 89M)
Batting: LHB Ricardo Yates 0-0: Ball
1-0: Ball
2-0: SINGLE (Groundball, 34D)
Gene Payne to second
Runner from 2nd tries for 3rd, SAFE, no throw
Batting: RHB Luis Rodríguez 0-0: Ball
1-0: Swinging Strike
1-1: Called Strike
1-2: Ball
2-2: Strikes out looking
Bottom of the 5th over - 0 runs, 1 hit, 1 error, 2 left on base; San Diego 0 - Valley View 1
TOP OF THE 6TH
San Diego Clippers batting - Pitching for Valley View Cougars : RHP Malcolm Bullard
Batting: RHB Man-su Chong 0-0: Foul Ball, location: 2F
0-1: Foul Ball, location: 2F
0-2: Ball
1-2: Strikes out looking
Batting: LHB Bill O'Halloran 0-0: SINGLE (Groundball, 6M) (infield hit)
Batting: RHB Sze Qi 0-0: Called Strike
0-1: Ball
1-1: Ball
2-1: Ball
3-1: Base on Balls
Bill O'Halloran to second
Batting: LHB Larry Moore 0-0: Ball
1-0: Called Strike
1-1: Foul Ball, location: 2F
1-2: Ball
2-2: Foul Ball, location: 2F
2-2: Ball
3-2: Foul Ball, location: 2F
3-2: Fly out, F4 (Popup, 34D)
Batting: LHB Tony Worley 0-0: Ball
1-0: Ball
2-0: Foul Ball, location: 2F
2-1: Swinging Strike
2-2: Ball
3-2: Foul Ball, location: 2F
3-2: Base on Balls
Bill O'Halloran to third
Sze Qi to second
Batting: RHB Cleveland Mortimer 0-0: Swinging Strike
0-1: Ball
1-1: Ball
2-1: Foul Ball, location: 2F
2-2: DOUBLE (Flyball, 89XD)
Bill O'Halloran scores
Sze Qi scores
Tony Worley to third
Runner from 3rd tries for Home, SAFE, no throw
Batting: LHB Chet Clifton 0-0: Ball
1-0: SINGLE (Popup, 4MD)
Cleveland Mortimer to third
Runner from 3rd tries for Home, SAFE, no throw
Batting: RHB Zhen-bang Kwan 0-0: Called Strike
0-1: Foul Ball, location: 2F
0-2: Ball
1-2: Ball
2-2: Foul Ball, location: 2F
2-2: DOUBLE (Line Drive, 9D)
Chet Clifton to third
Runner from 3rd tries for Home, SAFE, no throw
Pitching: RHP Michinori Nakamura
Batting: LHB Pedro Serano 0-0: Called Strike
0-1: Foul Ball, location: 2F
0-2: Foul Ball, location: 2F
0-2: Strikes out swinging
Top of the 6th over - 5 runs, 4 hits, 0 errors, 1 left on base; San Diego 5 - Valley View 1
BOTTOM OF THE 6TH
Valley View Cougars batting - Pitching for San Diego Clippers : RHP Jerry Cherry
Batting: LHB Guan-pei Bei 0-0: Ball
1-0: Ground out 1-3 (Groundball, 13)
Batting: SHB Andy Woods 0-0: Called Strike
0-1: Foul Ball, location: 2F
0-2: Ball
1-2: Foul Ball, location: 2F
1-2: Ball
2-2: Ball
3-2: Base on Balls
Batting: RHB Domingo Cabrera 0-0: Ball
1-0: Ball
2-0: Fly out, F4 (Popup, 4)
Batting: RHB Pakarati Girawheen 0-0: Foul Ball, location: 2F
0-1: Ball
1-1: Ball
2-1: Foul Ball, location: 2F
2-2: Foul Ball, location: 2F
2-2: SINGLE (Groundball, 6D)
Andy Woods to second
Batting: SHB Marc Cadiou 0-0: Called Strike
0-1: Swinging Strike
0-2: Ball
Wild Pitch!
Andy Woods to third
Pakarati Girawheen to second
1-2: Foul Ball, location: 2F
1-2: Hit by Pitch
Batting: RHB Gene Payne 0-0: Ball
1-0: Ball
2-0: Foul Ball, location: 2F
2-1: DOUBLE (Line Drive, 9)
Andy Woods scores
Pakarati Girawheen scores
Marc Cadiou to third
Runner from 3rd tries for Home, SAFE, no throw
Batting: LHB Bill Stanton 0-0: SINGLE (Groundball, 56D)
Gene Payne to third
Runner from 3rd tries for Home, SAFE, no throw
Batting: LHB Ricardo Yates 0-0: Called Strike
0-1: Swinging Strike
0-2: Ball
1-2: Fly out, F7 (Flyball, 78D)
Bottom of the 6th over - 4 runs, 3 hits, 0 errors, 1 left on base; San Diego 5 - Valley View 5
TOP OF THE 7TH
San Diego Clippers batting - Pitching for Valley View Cougars : RHP Michinori Nakamura
Batting: RHB Man-su Chong 0-0: Ball
1-0: Foul Ball, location: 2F
1-1: Swinging Strike
1-2: Foul Ball, location: 2F
1-2: Strikes out swinging
Batting: LHB Bill O'Halloran 0-0: Ground out 6-3 (Groundball, 6)
Batting: RHB Sze Qi 0-0: Called Strike
0-1: Swinging Strike
0-2: Ball
1-2: Strikes out swinging
Top of the 7th over - 0 runs, 0 hits, 0 errors, 0 left on base; San Diego 5 - Valley View 5
BOTTOM OF THE 7TH
Valley View Cougars batting - Pitching for San Diego Clippers : RHP Jerry Cherry
Batting: RHB Luis Rodríguez 0-0: Ball
1-0: DOUBLE (Line Drive, 78D)
Batting: LHB Guan-pei Bei 0-0: Foul Ball, location: 2F
0-1: Fly out, F1 (Line Drive, 13)
Batting: SHB Andy Woods 0-0: Intentional Walk
Batting: RHB Domingo Cabrera 0-0: Ball
1-0: Called Strike
1-1: Foul Ball, location: 2F
1-2: Foul Ball, location: 2F
1-2: Foul Ball, location: 2F
1-2: Ball
2-2: Foul Ball, location: 2F
2-2: Foul Ball, location: 2F
2-2: Ball
3-2: Foul Ball, location: 2F
3-2: SINGLE (Flyball, 9S)
Luis Rodríguez to third
Andy Woods to second
Runner from 3rd tries for Home, SAFE, throw made home
Pitching: LHP Miguel Rodríguez
Pinch Hitting: LHB Tim Gonzáles 0-0: Called Strike
0-1: Ball
1-1: SINGLE (Line Drive, 8RS)
Andy Woods to third
Domingo Cabrera to second
Batting: SHB Marc Cadiou 0-0: Grounds into fielders choice 4-2 (Groundball, 4)
Domingo Cabrera to third
Tim Gonzáles to second
Batting: RHB Gene Payne 0-0: Hit by Pitch
Domingo Cabrera scores
Tim Gonzáles to third
Marc Cadiou to second
Batting: LHB Bill Stanton 0-0: Called Strike
0-1: Ball
1-1: Foul Ball, location: 2F
1-2: Strikes out swinging
Bottom of the 7th over - 2 runs, 3 hits, 0 errors, 3 left on base; San Diego 5 - Valley View 7
TOP OF THE 8TH
San Diego Clippers batting - Pitching for Valley View Cougars : RHP Michinori Nakamura
Now at 3B: Salvador Hernández
Batting: LHB Larry Moore 0-0: Foul Ball, location: 2F
0-1: Called Strike
0-2: Ball
1-2: Ball
2-2: Strikes out swinging
Batting: LHB Tony Worley 0-0: Foul Ball, location: 2F
0-1: Foul Ball, location: 2F
0-2: Ball
1-2: Strikes out swinging
Batting: RHB Cleveland Mortimer 0-0: Called Strike
0-1: Ball
1-1: Ball
2-1: DOUBLE (Flyball, 8LD)
Batting: LHB Chet Clifton 0-0: Called Strike
0-1: Ball
1-1: Foul Ball, location: 2F
1-2: Strikes out swinging
Top of the 8th over - 0 runs, 1 hit, 0 errors, 1 left on base; San Diego 5 - Valley View 7
BOTTOM OF THE 8TH
Valley View Cougars batting - Pitching for San Diego Clippers : LHP Miguel Rodríguez
Batting: LHB Ricardo Yates 0-0: Swinging Strike
0-1: Called Strike
0-2: Ball
1-2: Ball
2-2: Foul Ball, location: 2F
2-2: Ball
3-2: Foul Ball, location: 2F
3-2: Foul Ball, location: 2F
3-2: Strikes out swinging
Batting: RHB Luis Rodríguez 0-0: Ball
1-0: Foul Ball, location: 2F
1-1: Ball
2-1: Ground out 4-3 (Groundball, 4M)
Batting: LHB Guan-pei Bei 0-0: Called Strike
0-1: SINGLE (Line Drive, 78M)
Batting: SHB Andy Woods 0-0: Foul Ball, location: 2F
0-1: Ball
1-1: SINGLE (Flyball, 7S)
Guan-pei Bei to second
Batting: RHB Domingo Cabrera 0-0: Ball
1-0: Fly out, F7 (Line Drive, 78M)
Bottom of the 8th over - 0 runs, 2 hits, 0 errors, 2 left on base; San Diego 5 - Valley View 7
TOP OF THE 9TH
San Diego Clippers batting - Pitching for Valley View Cougars : RHP Michinori Nakamura
Pitching: RHP Peter Routledge
Batting: RHB Zhen-bang Kwan 0-0: Ball
1-0: Called Strike
1-1: Ball
2-1: Called Strike
2-2: Ball
3-2: Strikes out swinging
Batting: LHB Pedro Serano 0-0: Ball
1-0: Called Strike
1-1: Ball
2-1: Called Strike
2-2: Foul Ball, location: 2F
2-2: Ball
3-2: Strikes out swinging
Batting: RHB Man-su Chong 0-0: Ball
1-0: Ball
2-0: Called Strike
2-1: Foul Ball, location: 2F
2-2: Ball
3-2: Fly out, F3 (Popup, 3SF)
Top of the 9th over - 0 runs, 0 hits, 0 errors, 0 left on base; San Diego 5 - Valley View 7
Friday, March 29th, 2019 - OOTP Baseball 18.8 Build 76